General information
- name: BNet
- type: Ladder 1vs1/FFA
- host: Battle.net
- saver: Cade)Flayer
map: TerenasStand
- players: 2
- length: 27:24
- speed: Fast
- version: 1.23 W3XP
- replay type: Public
» download(101 KB)
Players
team 1 (winner)
Cade)Flayer (
pink | 75 APM | 2049 actions | 27:24)
7 Blademaster
3 Wind Walk
3 Critical Strike
1 Bladestorm
5 Tauren Chieftain
3 War Stomp
2 Endurance Aura
» actions
| Assign group hotkey | 51 | |
| Basic commands | 13 | |
| Build / train | 77 | |
| ESC pressed | 1 | |
| Enter build submenu | 18 | |
| Enter hero's abilities submenu | 12 | |
| Give item / drop item | 6 | |
| Right click | 967 | |
| Select / deselect | 468 | |
| Select group hotkey | 304 | |
| Use ability | 132 | |
2049 total
» units
| Peon | 8 | |
| Grunt | 6 | |
| Raider | 16 | |
| Demolisher | 5 | |
| Spirit Walker | 2 | |
37 total
» upgrades
| Berserker Strength | 1 | |
| Ensnare | 1 | |
| Pillage | 1 | |
| Melee Weapons | 1 | |
| Reinforced Defenses | 1 | |
| Burning Oil | 1 | |
| Backpack | 1 | |
| Spirit Walker Training | 1 | |
8 total
» buildings
| Altar of Storms | 1 | |
| Orc Burrow | 6 | |
| Voodoo Lounge | 1 | |
| Barracks | 1 | |
| Stronghold | 1 | |
| War Mill | 1 | |
| Beastiary | 2 | |
| Great Hall | 2 | |
| Fortress | 1 | |
| Spirit Lodge | 2 | |
18 total
» build order
00:03 Altar of Storms
00:14 Orc Burrow
01:10 Voodoo Lounge
01:29 Barracks
01:59 Orc Burrow
03:44 Stronghold
04:24 Orc Burrow
04:53 War Mill
05:16 Orc Burrow
06:12 Beastiary
06:30 Beastiary
07:29 Orc Burrow
08:56 Orc Burrow
11:04 Great Hall
12:10 Fortress
17:18 Great Hall
23:34 Spirit Lodge
23:37 Spirit Lodge
» items
| Healing Salve | 7 | |
| Lesser Clarity Potion | 2 | |
| Scroll of Speed | 2 | |
| Scroll of Town Portal | 1 | |
| Orb of Lightning | 1 | |
| Potion of Healing | 1 | |
14 total
team 2 (loser)
poppe12 (
blue | 182 APM | 4973 actions | 27:21)
5 Death Knight
3 Death Coil
2 Unholy Aura
3 Lich
2 Frost Nova
1 Dark Ritual
» actions
| Assign group hotkey | 45 | |
| Basic commands | 359 | |
| Build / train | 93 | |
| ESC pressed | 6 | |
| Enter build submenu | 36 | |
| Enter hero's abilities submenu | 9 | |
| Give item / drop item | 3 | |
| Right click | 830 | |
| Select / deselect | 777 | |
| Select group hotkey | 2665 | |
| Use ability | 150 | |
4973 total
» units
| Acolyte | 6 | |
| Ghoul | 7 | |
| Crypt Fiend | 14 | |
| Obsidian Statue | 6 | |
| Meatwagon | 6 | |
| Necromancer | 11 | |
50 total
» upgrades
| Creature Attack | 2 | |
| Web | 1 | |
| Exhume Corpses | 1 | |
| Necromancer Training | 1 | |
| Skeletal Longevity | 1 | |
| Skeletal Mastery | 1 | |
| Ghoul Frenzy | 1 | |
8 total
» buildings
| Graveyard | 1 | |
| Crypt | 2 | |
| Altar of Darkness | 5 | |
| Ziggurat | 11 | |
| Tomb of Relics | 2 | |
| Nerubian Tower | 1 | |
| Halls of the Dead | 2 | |
| Slaughterhouse | 2 | |
| Spirit Tower | 2 | |
| Temple of the Damned | 2 | |
| Black Citadel | 2 | |
| Necropolis | 1 | |
33 total
» build order
00:15 Graveyard
00:18 Crypt
00:50 Altar of Darkness
01:00 Ziggurat
01:31 Tomb of Relics
02:23 Ziggurat
02:59 Nerubian Tower
04:31 Ziggurat
05:11 Halls of the Dead
05:11 Halls of the Dead
06:07 Ziggurat
07:36 Slaughterhouse
09:08 Ziggurat
10:13 Spirit Tower
10:54 Slaughterhouse
12:08 Temple of the Damned
14:34 Temple of the Damned
15:34 Ziggurat
15:38 Ziggurat
15:41 Ziggurat
16:11 Black Citadel
16:46 Spirit Tower
18:47 Altar of Darkness
19:00 Altar of Darkness
20:01 Altar of Darkness
21:14 Ziggurat
23:02 Necropolis
25:22 Tomb of Relics
26:43 Crypt
26:55 Altar of Darkness
27:05 Ziggurat
27:07 Ziggurat
» items
| Dust of Appearance | 3 | |
| Rod of Necromancy | 3 | |
| Potion of Healing | 1 | |
| Potion of Mana | 1 | |
| Potion of Lesser Invulnerability | 1 | |
| Sacrificial Skull | 1 | |
10 total
Chat log
(26:01 / All) poppe12: fucekr
(26:05 / All) poppe12: stupid